 Dungeon Crawl Stone Soup version 0.29.0-4-gdea44cf6ec (webtiles) character file.

Game seed: 18027456447067298478

52 qw the Chopper (level 3, 0/21 HPs)
             Began as a Tengu Warper on Aug 28, 2022.
             Succumbed to an adder's poison
             ... on level 2 of the Dungeon.
             The game lasted 00:00:08 (1626 turns).

qw the Chopper (Tengu Warper)                       Turns: 1626, Time: 00:00:08

Health: 0/21       AC:  8    Str: 13    XL:     3   Next: 85%
Magic:  7/7        EV:  5    Int: 13    God:
Gold:   105        SH:  4    Dex: 13    Spells: 6/6 levels left

rFire   . . .      SeeInvis .   Y - +0 hand axe
rCold   . . .      Faith    .   e - +0 buckler
rNeg    + . .      Spirit   .   a - +0 chain mail
rPois   .          Reflect  .   (helmet restricted)
rElec   .          Harm     .   (no cloak)
rCorr   .          Rampage  .   (no gloves)
Will    .....                   (boots unavailable)
Stlth   ..........              (no amulet)
HPRegen 0.07/turn               c - ring of positive energy
MPRegen 0.10/turn               (no ring)

@: lethally poisoned (0 -> -1)
A: beak, talons 3
a: no special abilities


You were on level 2 of the Dungeon.
You visited 1 branch of the dungeon, and saw 2 of its levels.

You collected 105 gold pieces.


Innate Abilities, Weirdness & Mutations

You have a beak for a mouth.
You have claws for feet.


   Skills:
 - Level 2.0 Fighting
 + Level 4.2 Axes
 - Level 1.0 Throwing
 - Level 1.1 Armour
 - Level 2.1 Dodging
 - Level 1.0 Shields
 - Level 2.0 Spellcasting
 - Level 2.4 Translocations


You had 6 spell levels left.
You didn't know any spells.
Your spell library contained the following spells:

 Spells                   Type           Power      Damage    Failure   Level
 Blink                    Tloc           14%        N/A       100%        2
 Gell's Gravitas          Tloc           7%         N/A       100%        3
 Lesser Beckoning         Tloc           7%         N/A       100%        3
 Teleport Other           Tloc           7%         N/A       100%        3
 Manifold Assault         Tloc           7%         N/A       100%        5

Inventory:

Hand Weapons
 i - a +0 club
 Y - a +0 hand axe (weapon)
Armour
 a - a +0 chain mail (worn)
 e - a +0 buckler (worn)
Jewellery
 c - a ring of positive energy (left hand)
Potions
 d - 2 potions of mutation {unknown}
 f - a potion of degeneration {unknown}
 j - 2 potions of heal wounds {unknown}
 k - a potion of lignification {unknown}
 l - a potion of curing {unknown}

Dungeon Overview and Level Annotations

Branches:
Dungeon (2/15)

Altars:


Message History

You barely miss the adder. Your kick misses the adder.
Your peck misses the adder.
You feel sick. You block the adder's attack. x2
You closely miss the adder.
You feel sick. The adder bites you.
You barely miss the adder. You claw the adder! Your peck misses the adder.
The adder is severely wounded.
You feel sick. The adder barely misses you.
The adder bites you but does no damage.
You closely miss the adder.
The adder is severely wounded.
You feel sick. The adder bites you but does no damage.
You barely miss the adder. Your peck misses the adder.
The adder is severely wounded.
You feel sick. The adder bites you. The adder bites you but does no damage.
You hit the adder but do no damage. You claw the adder.
The adder is almost dead.
You feel sick.
You are no longer poisoned.
The adder bites you.
You are lethally poisoned!
The adder poisons you!
You hit the adder but do no damage. Your kick misses the adder.
The adder is almost dead.
You feel sick. The adder bites you but does no damage.
The adder completely misses you.
1622 ||| READING scroll of teleportation.
As you read the scroll of teleportation, it crumbles to dust.
You feel strangely unstable.
You feel sick. The adder bites you but does no damage.
You hit the adder.
You kill the adder!
You feel sick.
There is a lethal amount of poison in your body!
Your surroundings suddenly seem different.
You feel sick.
There is a lethal amount of poison in your body!
You feel sick.
There is a lethal amount of poison in your body!
You die...

####........#.. ##'##.#.......
#...........#. #...#.#######.
#.......###.. #...#.....# #
........# #.# ######.8.#.....####
#.......###.# .#...#.}.#.........
#...........##.....#.8.#.....####
#####..........#...#...#......###
...............#...#...#.........
#####..........#@..##'##.........
# #..........#...#...#.....#... .
#.#####....#..##.#.#######... ##
#. #....##.#..#.###.###...... ..
#....##.#.##.#.#.##....... ..
#.......#.#.##.##.#.....?.
#.......###.#...#.##...##.
#........#.##...##.#...#..
.P........##.#.....#.#####..


There were no monsters in sight!

Vanquished Creatures
  An adder (D:2)
  An adder skeleton (D:2)
  2 dart slugs
  7 ball pythons
  3 bats (D:1)
  5 endoplasms (D:1)
  2 goblins
  3 hobgoblins (D:1)
  2 quokkas
  3 frilled lizards
  A kobold (D:1)
  A quokka zombie (D:2)
  3 rats
34 creatures vanquished.

Vanquished Creatures (others)
  2 withered plants (D:2)
2 creatures vanquished.

Grand Total: 36 creatures vanquished

Notes
Turn   | Place    | Note
-------+----------+-------------------------------------------
     0 | D:1      | qw the Tengu Warper began the quest for the Orb.
     0 | D:1      | Reached XP level 1. HP: 12/12 MP: 4/4
     0 | D:1      | 0 ||| qw: Version: 0.1-a-89-g26bdef1
     0 | D:1      | 0 ||| qw: Game counter: 2630
     0 | D:1      | 0 ||| qw: Always use a shield: true
     0 | D:1      | 0 ||| qw: God list: Okawaru
     0 | D:1      | 0 ||| qw: Allow faded altars: false
     0 | D:1      | 0 ||| qw: Do Orc after D:15 true
     0 | D:1      | 0 ||| qw: Do second Lair branch before Depths: true
     0 | D:1      | 0 ||| qw: Lair rune preference: random
     0 | D:1      | 0 ||| qw: Plans: Normal
     0 | D:1      | 0 ||| PLANNING D:1-11
   116 | D:1      | You fall into a shaft and drop 1 floor!
   140 | D:2      | 140 ||| READING scroll labelled IQATE AKHLEDO.
   141 | D:2      | 141 ||| DROPPING scroll of blinking.
   212 | D:1      | Reached XP level 2. HP: 13/17 MP: 6/6
   378 | D:1      | Reached skill level 3 in Axes
   474 | D:1      | 474 ||| Stepping ~*~*~tactically~*~*~ (stealth).
   482 | D:1      | HP: 4/17 [constriction (1)]
   822 | D:1      | Reached XP level 3. HP: 21/21 MP: 7/7
  1231 | D:1      | 1231 ||| UPGRADING to +0 chain mail.
  1241 | D:1      | 1241 ||| DROPPING +0 leather armour.
  1242 | D:1      | 1242 ||| UPGRADING to +0 buckler.
  1247 | D:1      | 1247 ||| UPGRADING to ring of positive energy.
  1248 | D:1      | 1248 ||| READING 2 scrolls labelled MEAXUY SUICK.
  1249 | D:1      | 1249 ||| READING scroll labelled QOSUOTZ ACWYR.
  1250 | D:1      | 1250 ||| READING scroll labelled WOJ RECIAP.
  1253 | D:1      | 1253 ||| DROPPING scroll of fog.
  1435 | D:2      | 1435 ||| Stepping ~*~*~tactically~*~*~ (stealth).
  1445 | D:2      | Reached skill level 1 in Shields
  1449 | D:2      | Reached skill level 4 in Axes
  1621 | D:2      | HP: 4/21 [poisoned by an adder]
  1622 | D:2      | 1622 ||| READING scroll of teleportation.
  1624 | D:2      | HP: 1/21 [poisoned by an adder]
  1626 | D:2      | Succumbed to an adder's poison

Levels and vault maps discovered:
D:1:      nicolae_arrival_washed_ashore, layout_loops_ring
D:2:      layout_basic, serial_undead, serial_undead_e, serial_undead_e,
          serial_undead_b, serial_undead_c, grunt_decor_clamped,
          minmay_split_cup_large

Skill      XL: |  1  2  3 |
---------------+----------+-----
Axes           | 3 4 |  4.2
Shields        | 1 |  1.0
Fighting       | |  2.0
Throwing       | |  1.0
Armour         | |  1.1
Dodging        | |  2.1
Spellcasting   | |  2.0
Translocations | |  2.4

Action                   || total
-------------------------++-------
Melee: Hand axe          ||    83
       Kick              ||    20
       Peck              ||     9
       Punch             ||     1
Throw: Boomerang         ||     7
  Use: Scroll            ||     5
Armor: Leather armour    ||    15
       Chain mail        ||    18
Dodge: Dodged            ||    37
Block: Buckler           ||     7

Table legend:
 A = Non-vault XP
 B = Vault XP
 C = Vault XP percentage of total XP
 D = Non-vault monster count
 E = Vault monster count
 F = Vault count percentage of total count
                 A         B        C        D         E       F
            +---------+---------+-------+---------+---------+-------
      Total |      63 |      12 |  16.0 |      28 |       6 |  17.6
            +---------+---------+-------+---------+---------+-------
        D:1 |      42 |       0 |   0.0 |      23 |       0 |   0.0
        D:2 |      21 |      12 |  36.4 |       5 |       6 |  54.5
            +---------+---------+-------+---------+---------+-------
